Map: Lost and Found LE

Players

Rail - Winner!

  • Race: Protoss Protoss
  • Spawn Location: 1:00

AlaSReformed (AlaStOr)

  • Race: Zerg Zerg
  • Spawn Location: 7:00

Event: WCS Valencia 2018

VOD

Have the link to the VOD?

Description

Time

  • Played on: July 12, 2018, 9:29 a.m.
  • Length: 9:14

All games in this series

Show
View Real Time Build Order
Export as new Build Order

Rail Protoss - Winner!

Build Orders: 1 Gate Expand, Archon Immortal, Zealot Archon 

Get SALT Encoding   

  12  0:01  Probe  
  13  0:13  Probe  
  14  0:18  Pylon  
  14  0:25  Probe  
  15  0:33  Probe  
  15  0:38  Gateway  
  15  0:41  Probe  
  16  0:47  Assimilator  
  17  0:51  Probe  
  18  1:04  Probe  
  19  1:21  Nexus  
  19  1:31  Cybernetics Core  
  19  1:33  Probe  
  19  1:39  Assimilator  
  20  1:42  Probe  
  21  1:48  Pylon  
  21  1:50  Probe  
  21  1:59  Probe  
  22  2:07  Stalker, Probe  
  25  2:09  Warp Gate  
  26  2:15  Probe  
  27  2:26  Probe  
  27  2:29  Robotics Facility  
  28  2:33  Probe  
  29  2:38  Probe  
  29  2:41  Probe  
  29  2:43  Sentry  
  32  2:49  Probe  
  32  2:50  Probe  
  34  2:51  Shield Battery  
  35  3:00  Probe  
  35  3:02  Probe  
  37  3:09  Sentry  
  37  3:10  Pylon  
  37  3:12  Probe  
  40  3:14  Probe  
  40  3:19  Immortal  
  45  3:20  Probe  
  45  3:25  Pylon  
  45  3:26  Probe  
  46  3:29  Assimilator, Probe  
  48  3:34  Probe  
  48  3:37  Sentry  
  48  3:38  Probe  
  52  3:42  Probe, Pylon  
  52  3:47  Assimilator  
  53  3:50  Probe  
  53  3:52  Gateway  
  53  3:55  Probe  
  55  4:00  Twilight Council  
  55  4:03  Forge  
  55  4:06  Probe  
  56  4:15  Immortal  
  56  4:16  Probe  
  61  4:21  Probe  
  62  4:28  Protoss Ground Weapons Level 1, Charge  
  62  4:32  Gateway  
  62  4:33  Gateway  
  62  4:44  Gateway, Pylon  
  62  4:46  Gateway  
  62  4:52  Templar Archives  
  62  4:57  Observer  
  63  5:04  Zealot  
  65  5:08  Nexus  
  65  5:11  Pylon  
  65  5:23  Immortal  
  69  5:28  Pylon  
  69  5:30  Zealot x2  
  69  5:32  High Templar  
  69  5:33  Shield Battery, High Templar  
  77  5:38  Archon  
  77  5:43  Photon Cannon  
  77  5:47  Zealot, Pylon  
  79  5:52  Pylon  
  79  5:54  Probe x2  
  79  5:56  Zealot x2  
  85  6:01  Immortal, High Templar  
  87  6:06  Zealot, High Templar  
  87  6:08  Zealot  
  93  6:11  Archon  
  93  6:17  Zealot  
  99  6:23  Zealot  
  99  6:31  Zealot  
  99  6:32  Zealot  
  97  6:34  Observer  
  81  6:41  Zealot x3  
  81  6:43  Probe  
  81  6:44  Immortal, Zealot  
  91  6:53  High Templar x2  
  95  6:57  Archon  
  95  6:59  Pylon  
  99  7:01  Zealot  
  99  7:02  Zealot  
  99  7:03  Zealot  
  105  7:09  Zealot  
  105  7:13  Immortal  
  107  7:20  Zealot  
  88  7:30  Zealot  
  88  7:34  Sentry, Zealot x2  
  88  7:35  Probe  
  99  7:37  Probe x2  
  99  7:40  Warp Prism, High Templar  
  99  7:41  High Templar  
  103  7:50  Zealot  
  105  7:52  Archon  
  105  7:54  Pylon  
  105  7:58  Zealot x3  
  113  8:11  Pylon  
  113  8:12  Zealot x2  
  113  8:14  Zealot  
  113  8:17  Observer  
  113  8:18  Probe x2  
  119  8:20  Zealot x3  
  125  8:27  Probe  
  126  8:34  Zealot x2, Pylon  
  126  8:35  Zealot  
  132  8:44  Observer  
  133  8:49  Zealot  
  133  8:50  Zealot x2  
  129  9:06  Zealot  
  129  9:07  Zealot x2  
Show
View Real Time Build Order
Export as new Build Order

AlaSReformed Zerg 

Build Orders: Hatch First, Lurkers, Swarm Host 

Get SALT Encoding   

  12  0:00  Drone  
  13  0:12  Overlord  
  13  0:16  Drone  
  14  0:30  Drone  
  14  0:31  Drone  
  14  0:34  Drone  
  17  0:52  Hatchery  
  17  0:54  Drone  
  17  0:57  Drone  
  17  1:00  Extractor  
  17  1:13  Spawning Pool  
  17  1:16  Drone  
  17  1:19  Drone  
  18  1:27  Drone  
  19  1:38  Overlord  
  19  1:57  Drone  
  19  1:59  Queen  
  22  2:01  Drone  
  22  2:03  Queen  
  22  2:04  Zergling x2  
  26  2:10  Drone  
  26  2:14  Drone  
  28  2:21  Zergling x2  
  29  2:25  Drone  
  30  2:33  Drone  
  31  2:38  Lair  
  31  2:40  Drone  
  31  2:43  Drone  
  33  2:45  Extractor  
  33  2:49  Drone  
  33  2:53  Overlord  
  33  2:54  Queen  
  33  2:58  Drone  
  36  3:05  Extractor  
  36  3:09  Overlord, Drone  
  36  3:11  Drone  
  36  3:12  Drone x3  
  40  3:14  Drone  
  40  3:16  Drone  
  40  3:19  Drone  
  43  3:25  Drone  
  44  3:30  Extractor  
  44  3:31  Drone  
  44  3:37  Hydralisk Den  
  44  3:38  Queen  
  44  3:39  Overseer  
  45  3:46  Queen  
  47  3:49  Drone  
  47  3:50  Drone  
  47  3:53  Drone  
  50  3:56  Drone x2  
  50  4:00  Overlord  
  52  4:09  Lurker Den, Metabolic Boost  
  51  4:18  Queen  
  51  4:19  Overlord  
  53  4:25  Drone x2  
  53  4:26  Drone  
  53  4:27  Drone  
  53  4:29  Drone  
  58  4:38  Queen  
  60  4:47  Overlord  
  60  4:48  Drone  
  60  4:49  Hydralisk x2  
  65  4:56  Hydralisk  
  65  4:58  Overlord  
  65  4:59  Overlord  
  67  5:02  Drone  
  68  5:10  Drone, Nydus Network  
  68  5:11  Hydralisk x2  
  72  5:22  Queen  
  72  5:24  Hydralisk  
  76  5:30  Overlord  
  76  5:35  Lurker x3  
  79  5:36  Hydralisk x2  
  79  5:39  Queen  
  79  5:42  Hydralisk  
  85  5:44  Lurker  
  85  5:46  Lurker  
  85  5:49  Nydus Canal  
  89  5:54  Hydralisk  
  92  5:57  Zergling x6  
  92  6:00  Overlord  
  94  6:12  Spore Crawler  
  94  6:13  Spore Crawler  
  94  6:15  Hydralisk x2  
  94  6:16  Lurker x2  
  98  6:24  Lurker  
  98  6:26  Zergling x8  
  98  6:27  Zergling x4  
  102  6:37  Hydralisk x2  
  91  6:41  Hydralisk  
  91  6:42  Hydralisk  
  91  6:43  Zergling x4  
  97  6:47  Queen  
  97  6:52  Lurker  
  100  6:55  Lurker  
  100  6:56  Zergling x4  
  97  7:10  Lurker  
  97  7:11  Zergling x6  
  97  7:12  Queen  
  95  7:23  Queen  
  95  7:27  Hydralisk x3, Drone  
  80  7:31  Hydralisk x2  
  81  7:38  Drone x3  
  81  7:39  Infestation Pit  
  83  7:47  Drone x3  
  85  7:54  Hatchery  
  81  8:06  Overlord  
  81  8:19  Swarm Host  
  80  8:20  Overlord, Swarm Host x5  
  80  8:24  Swarm Host  
  98  8:29  Zergling x6  
  101  8:36  Swarm Host x2  
  107  8:41  Overseer  
  107  8:46  Zergling x4  
  107  8:55  Zergling x2  
Tags
 
Add a new tag
Caveats
  • Supply blocks, unpowered buildings, or Contaminate may cause inaccurate times.
  • Supply counts are checked every 10 seconds.